 Dungeon Crawl Stone Soup version 0.19-a0-1922-g1e9a4c1 (webtiles) character file.

133 Kirk the Poker (level 5, -6/34 HPs)
             Began as an Octopode Warper on Oct 24, 2016.
             Mangled by an orc
             ... wielding a +0 trident
              (10 damage)
             ... on level 3 of the Dungeon.
             The game lasted 00:02:36 (2011 turns).

Kirk the Poker (Octopode Warper)                    Turns: 2011, Time: 00:02:36

Health: -6/34      AC:  1    Str:  8 (10) XL:     5   Next: 16%
Magic:  8/10       EV: 13    Int: 14 (16) God:
Gold:   79         SH:  0    Dex: 11 (12) Spells: 2 memorised, 6 levels left

rFire  . . .     SeeInvis .     a - +0 spear
rCold  . . .     Gourm    .     (no shield)
rNeg   . . .     Faith    .     (helmet restricted)
rPois  .         Spirit   .     (no amulet)
rElec  .         Reflect  .     (no ring)
rCorr  .         Harm     .     (no ring)
MR     .....                    (no ring)
Stlth  ++........               (no ring)
                                (no ring)
                                (no ring)
                                (no ring)
                                (no ring)

@: no status effects
A: almost no armour, stealthy swim, amphibious, 8 rings, constrict 8, camouflage
1, gelatinous body 1
a: no special abilities


You were on level 3 of the Dungeon.
You were very hungry.

You visited 1 branch of the dungeon, and saw 3 of its levels.

You collected 79 gold pieces.

Inventory:

Hand Weapons
 a - a +0 spear (weapon)
Missiles
 d - 5 tomahawks of dispersal (quivered)
 e - 3 poisoned tomahawks
Jewellery
 g - an uncursed ring of stealth {unknown}
Scrolls
 c - a scroll of blinking
 h - a scroll of enchant armour
 l - a scroll of remove curse {unknown}
 o - a scroll of immolation {unknown}
Potions
 m - a potion of cure mutation
Books
 b - a book of Spatial Translocations

   Spells                             Type                      Level
   a - Blink                          Translocation                2
   b - Shroud of Golubria             Charms/Translocation         2
   c - Lesser Beckoning               Translocation                3
   d - Portal Projectile              Translocation                3
   e - Teleport Other                 Translocation                3
   f - Passage of Golubria            Translocation                4
Comestibles
 f - 5 bread rations
 k - a beef jerky


   Skills:
 - Level 2.0 Fighting
 + Level 4.0 Polearms
 - Level 1.0 Throwing
 - Level 2.3 Dodging
 + Level 3.3 Spellcasting
 + Level 3.1 Translocations


You had 6 spell levels left.
You knew the following spells:

 Your Spells              Type           Power        Failure   Level  Hunger
a - Blink                 Tloc           N/A          10%         2    ##.....
b - Shroud of Golubria    Chrm/Tloc      #.........   21%         2    ##.....


Dungeon Overview and Level Annotations

Branches:
Dungeon (3/15)

Altars:
The Shining One


Innate Abilities, Weirdness & Mutations

You cannot wear most types of armour.
You are very stealthy in the water. (Stealth+)
You are amphibious.
You can wear up to eight rings at the same time.
You can use your tentacles to constrict eight enemies at once.
Your skin changes colour to match your surroundings (Stealth+).
Your rubbery body absorbs attacks. (AC +1, EV +1)


Message History

You hit the orc but do no damage.
The orc is lightly wounded.
You constrict the orc. The orc barely misses you.
You hit the orc.
The orc is heavily wounded.
You constrict the orc.
The orc priest looks braver for a moment.
You hit the orc.
You kill the orc!
Cast which spell? (? or * to list) Space distorts slightly along a thin shroud covering your body.
The orc shouts!
Something barely misses you.
The orc priest invokes the aid of Beogh against you.
Beogh smites you!
* * * LOW HITPOINT WARNING * * *
You see here a leather armour.
You closely miss something.
The orc hits you from afar with a trident!
You die...

...........#.# #...........#
......####.#.# ####.........#
.....##....#.####.............#
...........#[#....###.........#
....<##.....)..# ##.........#
.....##.....).######..........#
...........)..o..##..##########
##.####....##.o{....## ..
#....#####@#### ..# #.....# #.#
.. .......# #.# .. ####### #.#
#.# #.# #.# #.# ###


You could see an orc priest and an orc.

Vanquished Creatures
  An orc priest (D:3)
  Ijyb (D:2)
  Terence (D:2)
  2 dart slugs (D:1)
  A leopard gecko (D:1)
  7 orcs (D:3)
  3 bats
  2 giant cockroaches
  4 goblins
  7 hobgoblins
  4 jackals (D:2)
  A quokka (D:2)
  3 kobolds
  A rat (D:2)
38 creatures vanquished.

Notes
Turn   | Place    | Note
-------+----------+-------------------------------------------
     0 | D:1      | Kirk the Octopode Warper began the quest for the Orb.
     0 | D:1      | Reached XP level 1. HP: 14/14 MP: 3/3
   131 | D:1      | Found a glowing golden altar of the Shining One.
   197 | D:1      | Reached XP level 2. HP: 16/19 MP: 5/5
   527 | D:1      | Reached XP level 3. HP: 24/24 MP: 7/7
   784 | D:2      | Noticed Ijyb
   796 | D:2      | Killed Ijyb
   796 | D:2      | Reached skill level 3 in Polearms
   804 | D:2      | Reached XP level 4. HP: 25/29 MP: 8/8
   850 | D:2      | Learned a level 2 spell: Blink
   853 | D:2      | Learned a level 2 spell: Shroud of Golubria
   959 | D:2      | Noticed Terence
   970 | D:2      | Killed Terence
  1482 | D:3      | HP: 1/29 [orc priest/divine providence (12)]
  1484 | D:3      | Reached skill level 4 in Polearms
  1484 | D:3      | Reached XP level 5. HP: 1/34 MP: 8/10
  2011 | D:3      | Mangled by an orc

Vault maps used:
D:1:      minmay_arrival_widening_spiral_wide, tso_metal_star
D:2:      uniq_iyjb, uniq_terence

Skill      XL: |  1  2  3  4 |
---------------+-------------+-----
Polearms       | 3 4 |  4.0
Spellcasting   | 3 |  3.3
Fighting       | |  2.0
Throwing       | |  1.0
Dodging        | |  2.3
Translocations | |  3.1

Action                   |  1- 3 |  4- 6 || total
-------------------------+-------+-------++-------
Melee: Spear             |    65 |    66 ||   131
       Constrict         |    15 |    14 ||    29
       Tentacles         |    11 |    11 ||    22
 Cast: Shroud of Golubri |       |     1 ||     1
  Use: Scroll            |       |     4 ||     4
       Potion            |       |     2 ||     2
 Stab: Sleeping          |     2 |     2 ||     4
  Eat: Chunk             |       |     2 ||     2
Armor: Skin              |       |     4 ||     4
Dodge: Dodged            |    28 |    24 ||    52
